 Dungeon Sprint DCSS version 0.25-a0-566-g062765be81 (webtiles) character file.

Game seed: 463570036744793325, levelgen mode: deterministic

1569 Mobile the Cleaver (level 8, -9/66 HPs)
             Began as an Octopode Fighter on Feb 28, 2020.
             Was an Initiate of Gozag.
             Killed by drain life
             ... invoked by a soul eater
             ... summoned by the player character
              (18 damage)
             ... in the Dungeon (Sprint IX: "|||||||||||||||||||||||||||||").
             The game lasted 00:03:27 (578 turns).

Mobile the Cleaver (Octopode Fighter)                Turns: 578, Time: 00:03:28

Health: -9/66      AC:  1    Str: 19    XL:     8   Next: 90%
Magic:  8/8        EV: 12    Int: 11    God:    Gozag
Gold:   1051       SH: 10    Dex: 15    Spells: 7/7 levels left

rFire    . . .     SeeInvis +   n - +14 obsidian axe {vorpal, +Fly SInv *Curse} (curse)
rCold    . . .     Gourm    .   b - +0 kite shield
rNeg     . . .     Faith    .   (helmet restricted)
rPois    .         Spirit   .   (no amulet)
rElec    .         Reflect  .   p - +3 ring of strength
rCorr    .         Harm     .   o - +3 ring of dexterity
MR       .....     NoTele   +   (no ring)
Stlth    ++........             (no ring)
HPRegen  0.21/turn              (no ring)
MPRegen  0.11/turn              (no ring)
                                (no ring)
                                (no ring)

@: gold aura, mesmerised
A: almost no armour, stealthy swim, amphibious, 8 rings, constrict 8, camouflage
1, gelatinous body 1
a: Potion Petition, Call Merchant, Bribe Branch, Renounce Religion, Evoke Flight


You were in the Dungeon.
You worshipped Gozag.
Gozag was most pleased with you.
You were not hungry.

You visited 1 branch You collected 1051 gold pieces.

Inventory:

Hand Weapons
 a - a +0 long sword
 n - the cursed +14 obsidian axe (weapon) {vorpal, +Fly SInv *Curse}
   (You found it in the Dungeon)

   It inflicts extra damage upon your enemies.
   It lets you see invisible.
   It lets you fly.
   It curses itself when equipped.
   It has a curse placed upon it.
Armour
 b - a +0 kite shield (worn)
Jewellery
 o - a +3 ring of dexterity (right tentacle)
 p - a +3 ring of strength (left tentacle)
Wands
 m - a wand of iceblast (10)
Scrolls
 j - 4 scrolls of blinking
 k - 4 scrolls of remove curse
 l - 2 scrolls of amnesia
 s - a scroll of fear
 t - 2 scrolls of enchant weapon
Potions
 c - a potion of might
 e - 6 potions of curing
 f - a potion of berserk rage
 g - 3 potions of haste
 h - 4 potions of magic
 i - a potion of invisibility
 q - 2 potions of heal wounds
 r - a potion of mutation
Comestibles
 d - a ration


   Skills:
 - Level 10.8 Fighting
 - Level 9.3 Long Blades
 * Level 12.3 Axes
 - Level 3.0 Dodging
 * Level 6.0 Shields


You had 7 spell levels left.
You didn't know any spells.
Your spell library was empty.

Dungeon Overview and Level Annotations

Branches:
Dungeon (1/1)

Altars:
Cheibriados
Dithmenos
Elyvilon
Fedhas
Gozag
Hepliaklqana
Kikubaaqudgha
Makhleb
Nemelex Xobeh
Okawaru
Qazlal
Ru
Sif Muna
Trog
Uskayaw
Vehumet
Wu Jian
Xom
Yredelemnul
Zin
The Shining One
Beogh
Jiyva
Lugonu


Innate Abilities, Weirdness & Mutations

You cannot wear most types of armour.
You are very stealthy in the water. (Stealth+)
You are amphibious.
You can wear up to eight rings at the same time.
You can use your tentacles to constrict eight enemies at once.
Your skin changes colour to match your surroundings (Stealth+).
Your rubbery body absorbs attacks. (AC +1, EV +1)


Message History

You hit the porcupine. You constrict the soul eater.
You block the porcupine's attack. The soul eater hits you!
Unknown command.
Unknown command.
You are struck by the porcupine's spines.
You slice the porcupine!!
You kill the porcupine!
Your Shields skill increases to level 6!
You slash the soul eater!
You constrict the soul eater, but do no damage.
You block the soul eater's attack.
You are struck by the porcupine's spines.
* * * LOW HITPOINT WARNING * * *
You miss the porcupine. You slash the soul eater!
You open a gate to Pandemonium!
A demon appears!
You constrict the soul eater. The porcupine bites you.
* * * LOW HITPOINT WARNING * * *
The soul eater draws from the surrounding life force!
You die...
Your body crumbles into a pile of gold.

▓.▓.▓.▓
▓)▓.▓.▓
$
▓)▓.▓.▓
$
▓.▓.▓.▓
$
▓.▓.▓'▓
$
▓.▓.▓_▓
$
▓4▓.▓_▓
$
▓3▓.▓_▓
$
▓@▓.▓_▓
$
▓r▓.▓_▓
$
▓r▓.▓_▓
$
▓.▓.▓_▓
$
▓H▓.▓_▓
$
▓.▓.▓_▓
$
▓.▓.▓_▓
▓.▓.▓_▓
$ ▓.▓_▓


You could see a soul eater, a hippogriff, 2 porcupines and a friendly orange
demon.

Vanquished Creatures
  A gargoyle (D)
  2 hippogriffs (D)
  A yak (D)
  An acid dragon (D)
  A porcupine (D)
  An orc warrior (D)
  An ice beast (D)
  3 centaurs (D)
  An iguana (D)
  A gnoll (D)
  An adder (D)
  A leopard gecko (D)
  A ball python (D)
  A bat zombie (D)
  A giant cockroach (D)
  A goblin (D)
  A hobgoblin (D)
  A bat (D)
  A leopard gecko skeleton (D)
  A rat (D)
23 creatures vanquished.

Vanquished Creatures (collateral kills)
  A phantom (D)
  A wight (D)
2 creatures vanquished.

Grand Total: 25 creatures vanquished

Notes
Turn   | Place    | Note
-------+----------+-------------------------------------------
     0 | D        | Mobile the Octopode Fighter began the quest for the Orb.
     0 | D        | Reached XP level 1. HP: 16/16 MP: 1/1
    16 | D        | Noticed an ice beast
    16 | D        | Noticed a centaur
    26 | D        | Killed an ice beast
    26 | D        | Reached skill level 5 in Fighting
    26 | D        | Reached XP level 2. HP: 25/25 MP: 2/2
    26 | D        | Reached XP level 3. HP: 30/30 MP: 3/3
    26 | D        | Reached XP level 4. HP: 36/36 MP: 4/4
    32 | D        | Killed a centaur
    32 | D        | Reached XP level 5. HP: 43/43 MP: 5/5
    40 | D        | Found a roughly hewn altar of Beogh.
    40 | D        | Found a snail-covered altar of Cheibriados.
    40 | D        | Found a shadowy altar of Dithmenos.
    40 | D        | Found a white marble altar of Elyvilon.
    40 | D        | Found a blossoming altar of Fedhas.
    40 | D        | Found an opulent altar of Gozag.
    41 | D        | Found a hazy altar of Hepliaklqana.
    42 | D        | Found a viscous altar of Jiyva.
    43 | D        | Found an ancient bone altar of Kikubaaqudgha.
    44 | D        | Found a corrupted altar of Lugonu.
    45 | D        | Found a burning altar of Makhleb.
    46 | D        | Found a sparkling altar of Nemelex Xobeh.
    47 | D        | Found an iron altar of Okawaru.
    48 | D        | Became a worshipper of Gozag Ym Sagoz the Greedy
    49 | D        | Found a stormy altar of Qazlal.
    50 | D        | Found a sacrificial altar of Ru.
    51 | D        | Found a shimmering blue altar of Sif Muna.
    52 | D        | Found a bloodstained altar of Trog.
    53 | D        | Found a hide-covered altar of Uskayaw.
    54 | D        | Found a radiant altar of Vehumet.
    55 | D        | Found an ornate altar of the Wu Jian Council.
    56 | D        | Found a shimmering altar of Xom.
    57 | D        | Found a basalt altar of Yredelemnul.
    58 | D        | Found a glowing silver altar of Zin.
    59 | D        | Found a glowing golden altar of the Shining One.
    76 | D        | Found the +14 obsidian axe {vorpal, +Fly SInv *Curse}
    93 | D        | Noticed a centaur
    93 | D        | Noticed a gargoyle
    95 | D        | Reached skill level 1 in Axes
    96 | D        | Reached skill level 2 in Axes
    96 | D        | Reached XP level 6. HP: 49/49 MP: 6/6
    98 | D        | Reached skill level 5 in Axes
   101 | D        | Killed a gargoyle
   101 | D        | Reached skill level 8 in Axes
   101 | D        | Reached XP level 7. HP: 44/57 MP: 7/7
   167 | D        | Noticed a yak
   177 | D        | Reached skill level 9 in Axes
   183 | D        | Reached skill level 10 in Fighting
   186 | D        | Reached skill level 10 in Axes
   191 | D        | Killed a yak
   191 | D        | Reached XP level 8. HP: 23/65 MP: 8/8
   194 | D        | Reached skill level 11 in Axes
   569 | D        | Noticed a hippogriff
   569 | D        | Noticed a hippogriff
   569 | D        | Noticed a hippogriff
   571 | D        | Noticed a soul eater
   572 | D        | Killed a hippogriff
   575 | D        | Killed a hippogriff
   575 | D        | Reached skill level 12 in Axes
   575 | D        | Reached skill level 5 in Shields
   578 | D        | Killed from afar by a soul eater

Levels and vault maps discovered:
D:        linesprint [early_d, line_temple, items_1, d_10, items_2, lair_1,
          lair_end, items_3, orc_1, orc_end, items_4, d_15, swamp_1, shoals_1,
          snake_1, spider_1, d_20, vaults_1, items_5, swamp_end, shoals_end,
          snake_end, spider_end, vaults_end, d_27, items_6, zot_1, zot_end,
          crypt_end, forest_end, elf_end, slime_end, tomb_end, abyss_end,
          pan_hell_end]

Skill      XL: |  1  2  3  4  5  6  7  8 |
---------------+-------------------------+-----
Long Blades    | 7 9 |  9.3
Fighting       | 5 7 9 10 | 10.8
Axes           | 2 8 10 12 | 12.3
Shields        | 6 |  6.0
Dodging        | |  3.0

Action                   |  1- 3 |  4- 6 |  7- 9 || total
-------------------------+-------+-------+-------++-------
Melee: Long sword        |    14 |     7 |       ||    21
       Tentacles         |     1 |     5 |     5 ||    11
       Constrict         |     1 |     3 |     2 ||     6
       Broad axe         |       |     6 |    24 ||    30
  Use: Potion            |     1 |     1 |     2 ||     4
Armor: Skin              |       |     1 |       ||     1
Dodge: Dodged            |     8 |     5 |    10 ||    23
Block: Kite shield       |     5 |     6 |    11 ||    22
       Rpst.: Long sword |     4 |       |       ||     4

Table legend:
 A = Non-vault XP
 B = Vault XP
 C = Vault XP percentage of total XP
 D = Non-vault monster count
 E = Vault monster count
 F = Vault count percentage of total count
                 A         B        C        D         E       F
            +---------+---------+-------+---------+---------+-------
      Total |       0 |    2242 | 100.0 |       0 |      25 | 100.0
            +---------+---------+-------+---------+---------+-------
          D |       0 |    2242 | 100.0 |       0 |      25 | 100.0
            +---------+---------+-------+---------+---------+-------
